 Dungeon Crawl Stone Soup version 0.26.0-90-g5fd8617961 (webtiles) character file.

Game seed: 3158365763810469661

55 H0rd4k the Insei (level 3, -4/23 HPs)
             Began as an Octopode Transmuter on Feb 2, 2021.
             Slain by a worm (12 damage)
             ... on level 2 of the Dungeon.
             The game lasted 00:00:56 (2213 turns).

H0rd4k the Insei (Octopode Transmuter)              Turns: 2213, Time: 00:00:57

Health: -4/23      AC:  1    Str: 10    XL:     3   Next: 93%
Magic:  6/6        EV: 13    Int: 15    God:
Gold:   142        SH:  0    Dex: 12    Spells: 5/6 levels left

rFire    . . .     SeeInvis .     - Unarmed
rCold    . . .     Faith    .   (no shield)
rNeg     . . .     Spirit   .   (helmet restricted)
rPois    .         Reflect  .   (no amulet)
rElec    .         Harm     .   b - ring of flight
rCorr    .         Rampage  .   (no ring)
Will     .....                  (no ring)
Stlth    +++.......             (no ring)
HPRegen  0.07/turn              (no ring)
MPRegen  0.10/turn              (no ring)
                                (no ring)
                                (no ring)

@: no status effects
A: almost no armour, stealthy swim, amphibious, 8 rings, constrict 8, camouflage
1, gelatinous body 1
a: Evoke Flight


You were on level 2 of the Dungeon.
You visited 1 branch of the dungeon, and saw 2 of its levels.

You collected 142 gold pieces.

Inventory:

Jewellery
 b - a ring of flight (left tentacle)
Scrolls
 a - a scroll of identify {unknown}
 c - a scroll of fog {unknown}
 e - a scroll of blinking {unknown}
 g - a scroll of immolation {unknown}
Potions
 d - a potion of heal wounds {unknown}
 f - a potion of curing {unknown}
 h - a potion of lignification


   Skills:
 + Level 1.0 Fighting
 + Level 2.2 Dodging
 + Level 1.3 Stealth
 + Level 4.1 Unarmed Combat
 + Level 2.3 Spellcasting
 + Level 2.1 Transmutations


You had 5 spell levels left.
You knew the following spells:

 Your Spells              Type           Power        Failure   Level
a - Beastly Appendage     Tmut           16%          9%          1

Your spell library contained the following spells:

 Spells                   Type           Power        Failure   Level
 Wereblood                Tmut           8%           14%         2
 Spider Form              Tmut/Pois      2%           38%         3
 Ice Form                 Ice/Tmut       4%           80%         4
 Blade Hands              Tmut           4%           94%         5


Dungeon Overview and Level Annotations

Branches:
Dungeon (2/15)

Altars:


Innate Abilities, Weirdness & Mutations

You cannot wear most types of armour.
You are very stealthy in the water. (Stealth+)
You are amphibious.
You can wear up to eight rings at the same time.
You can use your tentacles to constrict eight enemies at once.
Your skin changes colour to match your surroundings (Stealth+).
Your rubbery body absorbs attacks. (AC +1, EV +1)


Message History

You tentacle-slap the worm. You grab the worm. You squeeze the worm!
The worm is severely wounded.
You constrict the worm.
The goblin shouts!
There are monsters nearby!
There are monsters nearby!
You tentacle-slap the worm.
The worm is almost dead.
You constrict the worm. The bat misses you.
The bat hits you but does no damage. The worm bites you!
You release your grip on the worm.
The bat hits you but does no damage. The bat closely misses you.
You closely miss the bat. You grab the bat. You constrict the bat.
The bat closely misses you.
The bat escapes!
The bat barely misses you.
The goblin hits you with a cursed -1 dagger.
You closely miss the goblin. You grab the goblin. You constrict the goblin.
The worm bites you!
Ouch! That really hurt!
You die...

.#.##.# #.# †.....#
#.# .## ##.#### ..
... #.# .... ##.###
..... .....# #.....
.†...# #...... .....#
####b...... .....#
#######..@g......
.....#
#.......##ww.....
###.## #.#####.#
#.....#
#.####.##......
#...##
#.........##.#...#..#
######.#####.#.#.#..#
#... ... . ...# #####
### ## # #


You could see a worm, a dart slug, a goblin and a bat.

Vanquished Creatures
  2 adders (D:2)
  An ooze (D:2)
  2 worms (D:2)
  A dart slug (D:1)
  2 bats (D:2)
  A giant cockroach (D:1)
  2 goblins (D:2)
  2 hobgoblins (D:2)
  4 jackals (D:1)
  5 kobolds
  3 frilled lizards
  A rat (D:2)
26 creatures vanquished.

Notes
Turn   | Place    | Note
-------+----------+-------------------------------------------
     0 | D:1      | H0rd4k the Octopode Transmuter began the quest for the Orb.
     0 | D:1      | Reached XP level 1. HP: 13/13 MP: 3/3
   302 | D:1      | Reached XP level 2. HP: 16/18 MP: 5/5
  1103 | D:2      | Reached XP level 3. HP: 5/23 MP: 6/6
  1755 | D:2      | Reached skill level 1 in Stealth
  1769 | D:2      | Reached skill level 4 in Unarmed Combat
  2213 | D:2      | Slain by a worm

Illustrated notes

Levels and vault maps discovered:
D:1:      tarquinn_simple_flora_water_d, layout_basic
D:2:      layout_loops_cross, lemuel_crystal_altar

Skill      XL: |  1  2  3 |
---------------+----------+-----
Stealth        | 1 |  1.3
Unarmed Combat | 4 |  4.1
Fighting       | |  1.0
Dodging        | |  2.2
Spellcasting   | |  2.3
Transmutations | |  2.1

Action                   || total
-------------------------++-------
Melee: Unarmed           ||    87
       Constrict         ||    20
       Tentacles         ||    12
       Punch             ||     1
  Use: Potion            ||     2
 Stab: Sleeping          ||     6
Armor: Skin              ||     5
Dodge: Dodged            ||    50
